General information
- name: BNet
- type: Ladder 1vs1/FFA
- host: Battle.net
- saver: Ltd_inficrime
map: EchoIsles
- players: 2
- length: 19:14
- speed: Fast
- version: 1.23 W3XP
- replay type: Public
» download(68 KB)
Players
team 1 (loser)
WC3.4ever (
red | 104 APM | 2002 actions | 19:13)
4 Mountain King
2 Storm Bolt
2 Bash
2 Blood Mage
1 Siphon Mana
1 Banish
» actions
| Assign group hotkey | 39 | |
| Basic commands | 185 | |
| Build / train | 90 | |
| ESC pressed | 1 | |
| Enter build submenu | 24 | |
| Enter hero's abilities submenu | 6 | |
| Right click | 557 | |
| Select / deselect | 289 | |
| Select group hotkey | 726 | |
| Use ability | 85 | |
2002 total
» units
| Peasant | 24 | |
| Footman | 11 | |
| Forest Troll Shadow Priest | 5 | |
| Sorceress | 3 | |
| Rifleman | 5 | |
| Priest | 1 | |
| Knight | 1 | |
50 total
» upgrades
» buildings
| Altar of Kings | 1 | |
| Farm | 8 | |
| Barracks | 1 | |
| Arcane Vault | 1 | |
| Lumber Mill | 1 | |
| Scout Tower | 6 | |
| Town Hall | 2 | |
| Guard Tower | 6 | |
| Keep | 2 | |
| Blacksmith | 1 | |
| Arcane Sanctum | 3 | |
| Castle | 2 | |
34 total
» build order
00:09 Altar of Kings
00:21 Farm
00:23 Barracks
00:52 Farm
01:40 Farm
02:34 Arcane Vault
03:10 Lumber Mill
03:15 Farm
04:28 Scout Tower
04:36 Scout Tower
05:08 Town Hall
05:21 Guard Tower
05:24 Guard Tower
05:29 Town Hall
05:38 Scout Tower
05:47 Farm
06:08 Guard Tower
06:08 Guard Tower
06:11 Scout Tower
06:45 Guard Tower
06:45 Guard Tower
06:47 Farm
08:43 Keep
08:45 Blacksmith
10:55 Scout Tower
11:30 Arcane Sanctum
11:32 Arcane Sanctum
12:04 Scout Tower
15:03 Castle
15:03 Castle
16:14 Farm
16:16 Farm
16:23 Arcane Sanctum
» items
| Scroll of Regeneration | 4 | |
| Lesser Clarity Potion | 3 | |
| Potion of Healing | 4 | |
| Potion of Mana | 1 | |
12 total
team 2 (winner)
Ltd_inficrime (
blue | 119 APM | 2286 actions | 19:14)
4 Archmage
2 Summon Water Elemental
2 Brilliance Aura
3 Firelord
2 Summon Lava Spawn
1 Incinerate
1 Goblin Tinker
1 Pocket Factory
» actions
| Assign group hotkey | 67 | |
| Basic commands | 7 | |
| Build / train | 85 | |
| Enter build submenu | 27 | |
| Enter hero's abilities submenu | 8 | |
| Give item / drop item | 3 | |
| Right click | 799 | |
| Select / deselect | 404 | |
| Select group hotkey | 775 | |
| Use ability | 111 | |
2286 total
» units
| Peasant | 22 | |
| Footman | 7 | |
| Gryphon Rider | 3 | |
| Knight | 2 | |
| Dragonhawk Rider | 1 | |
35 total
» upgrades
| Storm Hammers | 1 | |
| Animal War Training | 1 | |
| Cloud | 1 | |
| Armor | 1 | |
| Gunpowder | 1 | |
| Plating | 1 | |
| Swords | 1 | |
7 total
» buildings
| Altar of Kings | 1 | |
| Farm | 12 | |
| Barracks | 3 | |
| Scout Tower | 4 | |
| Town Hall | 1 | |
| Arcane Tower | 2 | |
| Keep | 1 | |
| Arcane Vault | 1 | |
| Lumber Mill | 1 | |
| Castle | 1 | |
| Guard Tower | 5 | |
| Gryphon Aviary | 3 | |
| Blacksmith | 1 | |
36 total
» build order
00:07 Altar of Kings
00:20 Farm
00:35 Barracks
00:37 Barracks
00:56 Farm
01:56 Farm
03:47 Scout Tower
03:55 Scout Tower
04:01 Town Hall
04:24 Arcane Tower
04:27 Arcane Tower
06:04 Keep
06:08 Farm
06:10 Farm
06:11 Farm
06:14 Arcane Vault
06:23 Scout Tower
06:26 Lumber Mill
06:55 Farm
08:40 Castle
08:50 Scout Tower
08:52 Guard Tower
10:38 Gryphon Aviary
10:40 Gryphon Aviary
10:42 Gryphon Aviary
11:40 Blacksmith
13:32 Guard Tower
13:33 Guard Tower
13:33 Guard Tower
13:42 Guard Tower
14:02 Barracks
15:15 Farm
16:37 Farm
16:39 Farm
16:41 Farm
17:18 Farm
» items
| Boots of Speed | 1 | |
| Staff of Teleportation | 1 | |
| Lesser Clarity Potion | 2 | |
| Scroll of Regeneration | 4 | |
| Scroll of Town Portal | 4 | |
| Potion of Healing | 3 | |
| Potion of Mana | 1 | |
| Ivory Tower | 3 | |
19 total
Chat log
(19:12 / All) WC3.4ever: gg man